 Dungeon Crawl Stone Soup version 0.20.1-1-g8b1a95d (webtiles) character file.

51 LarsimusPrime the Skirmisher (level 3, 0/34 HPs)
             Began as a Hill Orc Fighter on July 30, 2017.
             Succumbed to an adder's poison
             ... on level 2 of the Dungeon.
             The game lasted 00:07:56 (1248 turns).

LarsimusPrime the Skirmisher (Hill Orc Fighter)     Turns: 1248, Time: 00:07:56

Health: 0/34       AC:  6    Str: 19    XL:     3   Next: 81%
Magic:  3/3        EV:  7    Int: 13    God:
Gold:   41         SH:  9    Dex: 10    Spells: 2/2 levels left

rFire    + . .     SeeInvis .   a - +0 flail
rCold    + . .     Gourm    +   c - +0 shield
rNeg     . . .     Faith    .   b - +0 scale mail
rPois    +         Spirit   .   (no helmet)
rElec    +         Reflect  .   (no cloak)
rCorr    +         Harm     .   (no gloves)
MR       .....                  (no boots)
Stlth    ..........             r - amulet of the gourmand
Regen    0.2/turn               (no ring)
MPRegen  0.1/turn               (no ring)

@: brilliant, lethally poisoned (0 -> -13), resistant, drained
A: no striking features
a: no special abilities


You were on level 2 of the Dungeon.
You were not hungry.

You visited 1 branch of the dungeon, and saw 2 of its levels.

You collected 41 gold pieces.

Inventory:

Hand Weapons
 a - a +0 flail (weapon)
 t - a +0 dagger (quivered)
 u - a +0 dagger
Missiles
 k - 71 stones
Armour
 b - a +0 scale mail (worn)
 c - a +0 shield (worn)
Jewellery
 r - an amulet of the gourmand (around neck)
 s - an uncursed ring of poison resistance {unknown}
Scrolls
 e - a scroll of recharging {unknown}
 j - a scroll of remove curse {unknown}
 l - 4 scrolls of identify {unknown}
 n - 2 scrolls of teleportation {unknown}
 p - a scroll of amnesia {unknown}
Potions
 d - a potion of might
 o - a potion of agility {unknown}
Comestibles
 f - 5 bread rations
 g - 3 chunks of flesh
 i - 2 meat rations
 q - a royal jelly


   Skills:
 * Level 4.3(4.1) Fighting
 + Level 2.6(2.4) Maces & Flails
 * Level 1.0(0.7) Throwing
 - Level 3.2(3.0) Armour
 * Level 1.1(0.9) Dodging
 + Level 3.4(3.2) Shields


You had 2 spell levels left.
You didn't know any spells.

Dungeon Overview and Level Annotations

Branches:
Dungeon (2/15)

Altars:
Xom


Message History

The adder poisons you! The adder bites you but does no damage.
You hit the adder but do no damage.
* * * LOW HITPOINT WARNING * * *
You feel sick. The adder bites you.
* * * LOW HITPOINT WARNING * * *
You are more poisoned.
The adder poisons you! The adder barely misses you.
Your shield prevents you from hitting the adder.
* * * LOW HITPOINT WARNING * * *
You feel sick. The adder bites you.
* * * LOW HITPOINT WARNING * * *
You are more poisoned.
The adder poisons you! The adder bites you but does no damage.
It was a potion of brilliance.
You feel clever all of a sudden.
* * * LOW HITPOINT WARNING * * *
You feel sick. The adder bites you but does no damage.
It was a potion of resistance.
You feel protected.
You die...

#. #.##..#####.##.......##.# #
#..#.........#.#8.#...#.8#.# #
.##...>....###>#.#$[.#%#...#.####
.................#[$.......#.....
####.#####.###...#_$.......#©..#
# #.# #..K#.[.......#..## #.#
#.#z#h(.#.#...#.## #.#
#.#S#8.#...#.8#.# #.#
#.#@##o..©...##.# #.#
#.#..#########..# #.#
#..............## #.#
#......#########
#.###...........#
#..........#.##.# #####......#.#
#..#..## # #..#..#


You could see a black bear, a wight, an adder, an orc and a kobold.

Vanquished Creatures
  An adder (D:2)
  A dart slug (D:1)
  2 bats
  A giant cockroach (D:2)
  7 goblins
  7 hobgoblins
  7 jackals
  A frilled lizard (D:1)
  2 kobolds (D:1)
  4 rats
33 creatures vanquished.

Notes
Turn   | Place    | Note
-------+----------+-------------------------------------------
     0 | D:1      | LarsimusPrime the Hill Orc Fighter began the quest for the Orb.
     0 | D:1      | Reached XP level 1. HP: 19/19 MP: 1/1
   113 | D:1      | Reached XP level 2. HP: 25/27 MP: 2/2
   187 | D:1      | You fall through a shaft!
   214 | D:2      | Reached skill level 4 in Fighting
   465 | D:1      | Reached XP level 3. HP: 33/33 MP: 3/3
   534 | D:1      | Reached skill level 1 in Dodging
  1027 | D:2      | Noticed a black bear
  1029 | D:2      | Found a shimmering altar of Xom.
  1153 | D:2      | Found a transporter.
  1170 | D:2      | Reached skill level 1 in Throwing
  1209 | D:2      | Found a transporter.
  1246 | D:2      | HP: 1/34 [adder (1)]
  1248 | D:2      | Succumbed to an adder's poison

Skill      XL: |  1  2  3 |
---------------+----------+-----
Fighting       | 4 |  4.3
Dodging        | 1 |  1.1
Throwing       | 1 |  1.0
Maces & Flails | |  2.6
Armour         | |  3.2
Shields        | |  3.4

Action                   || total
-------------------------++-------
Melee: Flail             ||   128
Throw: Stone             ||    48
  Use: Potion            ||     2
  Eat: Chunk             ||     1
Armor: Scale mail        ||    98
Dodge: Dodged            ||    70
Block: Shield            ||   118
